Map: [ESL] Inside and Out

Players

MaNa - Winner!

  • Race: Protoss Protoss
  • Spawn Location: 1:00

SKillous

  • Race: Protoss Protoss
  • Spawn Location: 7:00

Event: DreamHack SC2 Masters 2022 Atlanta (Online)

VOD

Have the link to the VOD?

Description

Time

  • Played on: Oct. 4, 2022, 11:50 a.m.
  • Length: 9:00

All games in this series

Show
View Real Time Build Order
Export as new Build Order

MaNa Protoss - Winner!

Build Orders: Phoenix Opening 

Get SALT Encoding   

  12  0:00  Probe  
  13  0:12  Probe  
  14  0:18  Pylon  
  14  0:24  Probe (Chrono Boost)  
  15  0:37  Probe (Chrono Boost)  
  15  0:38  Gateway  
  16  0:45  Probe (Chrono Boost)  
  16  0:49  Assimilator  
  17  0:51  Probe  
  18  1:03  Probe (Chrono Boost)  
  19  1:05  Assimilator  
  19  1:12  Probe (Chrono Boost)  
  19  1:17  Probe (Chrono Boost)  
  20  1:23  Pylon  
  20  1:24  Cybernetics Core  
  21  1:29  Probe  
  22  1:41  Zealot  
  22  1:42  Probe  
  25  1:54  Probe  
  26  2:02  Warp Gate (Chrono Boost)  
  26  2:03  Pylon  
  26  2:06  Probe  
  26  2:08  Stalker  
  29  2:18  Probe  
  30  2:30  Probe  
  30  2:36  Stalker (Chrono Boost)  
  33  2:46  Nexus  
  33  2:51  Gateway  
  33  2:59  Sentry  
  33  3:04  Robotics Facility  
  34  3:11  Shield Battery  
  34  3:12  Probe  
  35  3:20  Pylon  
  35  3:24  Probe  
  36  3:36  Probe  
  37  3:46  Stalker x2  
  41  3:49  Phoenix  
  41  3:52  Immortal (Chrono Boost)  
  45  3:59  Probe  
  45  4:00  Probe  
  47  4:09  Sentry x2  
  51  4:12  Probe x2  
  53  4:21  Immortal (Chrono Boost)  
  57  4:30  Pylon  
  56  4:42  Probe x2  
  55  4:52  Warp Prism, Stalker x2  
  61  5:02  Pylon  
  61  5:08  Pylon  
  61  5:15  Probe  
  61  5:19  Pylon  
  61  5:20  Probe  
  63  5:21  Adept x2  
  63  5:22  Gateway  
  67  5:35  Probe  
  66  5:39  Immortal  
  66  5:43  Probe  
  66  5:47  Probe  
  66  5:49  Twilight Council, Forge  
  68  6:01  Zealot, Sentry, Probe  
  69  6:19  Immortal  
  69  6:22  Zealot x2  
  69  6:24  Zealot  
  69  6:25  Probe x2  
  79  6:26  Pylon  
  79  6:44  Adept x2  
  79  6:45  Adept  
  74  7:05  Zealot x2  
  74  7:06  Zealot  
  73  7:10  Probe  
  73  7:11  Probe  
  66  7:23  Probe x2  
  66  7:33  Stalker  
  66  7:34  Zealot x2  
  66  7:35  Probe x2  
  57  7:47  Probe x2  
  57  7:49  Stalker  
  57  7:50  Zealot  
  61  7:59  Probe x2  
  59  8:07  Immortal (Chrono Boost), Assimilator  
  59  8:11  Probe x2  
  63  8:14  Shield Battery  
  63  8:19  Shield Battery  
  63  8:23  Probe x2  
  63  8:26  Pylon  
  65  8:29  Gateway  
  65  8:35  Probe x2  
  65  8:40  Zealot  
  65  8:41  Zealot x2  
  74  8:47  Probe  
Show
View Real Time Build Order
Export as new Build Order

SKillous Protoss 

Build Orders:  

Get SALT Encoding   

  12  0:00  Probe  
  13  0:12  Probe  
  14  0:17  Pylon  
  14  0:24  Probe  
  15  0:35  Gateway  
  15  0:36  Probe (Chrono Boost)  
  16  0:46  Probe (Chrono Boost), Assimilator  
  17  0:51  Probe (Chrono Boost)  
  17  0:54  Assimilator  
  18  1:03  Probe (Chrono Boost)  
  19  1:08  Gateway  
  19  1:13  Probe (Chrono Boost)  
  19  1:18  Probe (Chrono Boost)  
  20  1:24  Cybernetics Core  
  21  1:29  Probe  
  22  1:36  Pylon  
  22  1:41  Probe  
  22  1:45  Pylon  
  23  1:54  Probe  
  24  2:02  Warp Gate (Chrono Boost)  
  24  2:03  Stalker x2  
  28  2:15  Pylon  
  28  2:22  Pylon  
  28  2:33  Stalker x2  
  32  2:50  Robotics Facility  
  31  2:56  Shield Battery  
  33  3:08  Probe  
  33  3:10  Nexus  
  32  3:18  Pylon  
  32  3:21  Probe  
  33  3:33  Probe  
  34  3:35  Warp Prism (Chrono Boost)  
  36  3:44  Sentry  
  36  3:45  Sentry, Probe  
  41  3:57  Probe  
  41  3:58  Twilight Council  
  42  4:04  Observer  
  42  4:09  Probe  
  44  4:16  Stalker  
  46  4:22  Probe (Chrono Boost)  
  46  4:23  Stalker  
  50  4:27  Probe (Chrono Boost)  
  51  4:32  Probe (Chrono Boost)  
  51  4:33  Blink (Chrono Boost)  
  51  4:35  Probe (Chrono Boost)  
  51  4:37  Probe (Chrono Boost)  
  51  4:46  Probe  
  51  4:48  Probe  
  51  4:52  Stalker x2  
  57  4:58  Probe  
  58  5:01  Probe  
  59  5:07  Shield Battery  
  59  5:10  Probe, Pylon  
  59  5:13  Probe  
  61  5:18  Assimilator  
  61  5:24  Probe  
  61  5:25  Observer  
  62  5:29  Sentry, Probe, Stalker  
  67  5:37  Probe  
  67  5:40  Pylon  
  67  5:41  Probe  
  69  5:45  Gateway  
  69  5:47  Gateway  
  69  5:50  Shield Battery  
  67  6:00  Stalker x2  
  67  6:07  Probe x2  
  48  6:19  Probe x2  
  48  6:30  Adept x2  
  48  6:31  Probe  
  53  6:35  Shield Battery, Probe  
  53  6:36  Shield Battery  
  54  6:43  Stalker x2  
  54  6:44  Probe  
  54  6:45  Shield Battery  
  57  6:51  Stalker x2  
  61  6:56  Pylon  
  61  7:07  Adept x2  
  59  7:15  Stalker x2  
  47  7:29  Stalker  
  48  7:30  Stalker  
  39  7:45  Adept x2  
  39  7:54  Stalker  
  41  8:14  Sentry, Stalker  
  41  8:15  Stalker  
  45  8:43  Sentry  
  45  8:45  Stalker x2  
  45  8:46  Stalker  
Tags
 
Add a new tag
Caveats
  • Supply blocks, unpowered buildings, or Contaminate may cause inaccurate times.
  • Supply counts are checked every 10 seconds.